Map: Deathaura LE

Players

A.I. 1 (Easy)

  • Race: Protoss Protoss
  • Spawn Location: 5:00

Hexar - Winner!

  • Race: Zerg Zerg
  • League: Platinum
  • Spawn Location: 11:00

VOD

Have the link to the VOD?

Description

Time

  • Played on: Jan. 22, 2021, 11:48 a.m.
  • Length: 9:41
Show
View Real Time Build Order
Export as new Build Order

A.I. 1 (Easy) Protoss 

Build Orders: 1 Gate Expand, Nexus First 

Get SALT Encoding   

  12  0:00  Probe  
  13  0:13  Probe  
  14  0:20  Pylon  
  14  0:25  Probe  
  15  0:34  Probe  
  16  0:50  Gateway  
  16  1:05  Nexus  
  16  1:22  Pylon  
  16  1:25  Assimilator  
  16  1:33  Probe  
  16  1:37  Zealot  
  19  1:40  Cybernetics Core  
  19  1:42  Probe  
  20  1:53  Probe  
  20  2:00  Assimilator  
  21  2:02  Probe  
  21  2:03  Zealot  
  24  2:15  Probe  
  24  2:16  Warp Gate  
  24  2:18  Pylon  
  25  2:27  Stalker  
  25  2:30  Probe  
  28  2:46  Assimilator  
  28  2:52  Probe  
  28  2:56  Probe  
  28  2:57  Stalker  
  32  3:02  Probe  
  33  3:09  Probe  
  33  3:10  Probe  
  34  3:18  Probe  
  35  3:21  Probe  
  37  3:27  Adept  
  37  3:31  Probe  
  37  3:33  Probe  
  41  3:43  Probe  
  41  3:45  Pylon  
  41  3:47  Probe  
  42  3:55  Probe  
  43  3:56  Stalker  
  43  3:59  Probe  
  43  4:00  Robotics Facility  
  46  4:07  Probe  
  47  4:14  Probe  
  47  4:15  Probe  
  48  4:19  Pylon  
  49  4:24  Probe  
  49  4:26  Probe  
  51  4:31  Adept  
  51  4:36  Probe  
  51  4:38  Probe  
  55  4:48  Observer, Probe  
  55  4:50  Probe  
  58  4:53  Pylon  
  58  4:59  Stalker  
  60  5:00  Probe  
  60  5:02  Probe  
  62  5:09  Observer  
  62  5:13  Assimilator, Probe  
  64  5:14  Probe  
  65  5:22  Probe  
  65  5:26  Probe  
  65  5:27  Sentry  
  69  5:30  Probe  
  69  5:32  Pylon  
  70  8:22  Zealot  
  70  8:27  Immortal  
  56  8:45  Pylon  
  51  9:00  Probe  
  36  9:13  Probe  
  33  9:18  Adept  
  33  9:20  Gateway  
  19  9:25  Probe, Forge  
  9  9:33  Pylon  
Show
View Real Time Build Order
Export as new Build Order

Hexar Zerg - Winner!

Build Orders: Hatch First 

Get SALT Encoding   

  12  0:00  Drone  
  13  0:13  Overlord  
  13  0:17  Drone  
  14  0:32  Drone x2  
  16  0:49  Hatchery  
  15  0:53  Drone  
  15  0:56  Drone  
  17  0:59  Drone  
  18  1:10  Extractor  
  17  1:17  Spawning Pool  
  16  1:19  Drone  
  16  1:22  Drone  
  18  1:31  Drone  
  19  1:43  Drone  
  20  1:51  Overlord  
  20  2:03  Queen  
  20  2:04  Queen  
  20  2:05  Zergling x4  
  26  2:18  Metabolic Boost  
  26  2:21  Drone x2  
  28  2:23  Drone x2  
  30  2:34  Drone  
  31  2:46  Hatchery  
  31  2:47  Overlord  
  30  2:53  Queen  
  30  2:57  Drone  
  33  2:58  Drone  
  33  3:00  Drone  
  33  3:03  Drone  
  36  3:09  Drone  
  36  3:10  Drone  
  38  3:17  Overlord  
  38  3:23  Drone x3  
  38  3:24  Drone x2  
  38  3:26  Drone  
  44  3:38  Overlord x2  
  44  3:46  Queen  
  46  3:58  Queen  
  48  4:04  Drone x4  
  48  4:05  Drone x4  
  48  4:07  Spore Crawler  
  48  4:09  Spore Crawler  
  54  4:12  Spore Crawler  
  53  4:20  Lair  
  53  4:24  Extractor  
  52  4:25  Extractor  
  52  4:26  Drone x5  
  52  4:27  Drone x4  
  60  4:44  Drone x2  
  62  4:46  Drone  
  62  4:48  Drone  
  62  4:49  Drone x3  
  67  4:57  Roach Warren  
  66  5:31  Drone  
  67  5:38  Glial Reconstitution  
  67  5:40  Roach  
  67  5:41  Roach x2  
  73  5:42  Overlord  
  73  5:43  Overlord x4  
  74  5:57  Drone  
  74  6:00  Hatchery  
  73  6:11  Roach x14  
  101  6:22  Roach x3  
  107  6:36  Overlord x3  
  107  6:37  Roach  
  107  6:38  Roach x2  
  113  6:56  Roach x6  
  125  7:03  Ravager  
  126  7:14  Queen  
  128  7:16  Drone  
  128  7:17  Drone x14  
  143  7:25  Extractor  
  143  7:27  Extractor  
  143  7:28  Extractor  
  143  7:29  Drone x3  
  143  7:36  Drone  
  144  7:41  Overlord x4  
  142  8:33  Overlord x3  
  142  8:34  Overlord  
  138  8:37  Roach x10  
  138  8:38  Roach x7  
  172  8:51  Evolution Chamber  
  171  9:01  Hatchery  
  171  9:02  Drone, Extractor  
  170  9:03  Drone x2  
  170  9:04  Drone x2, Extractor  
  170  9:05  Drone x3  
  170  9:06  Drone  
  170  9:07  Drone x2  
  170  9:08  Drone  
  176  9:27  Drone, Evolution Chamber  
Tags
 
Add a new tag
Caveats
  • Supply blocks, unpowered buildings, or Contaminate may cause inaccurate times.
  • Supply counts are checked every 10 seconds.